Map: Void Training Stage 3

Players

Player 2

  • Race: Zerg Zerg
  • Spawn Location: 6:00

oVer - Winner!

  • Race: Terran Terran
  • League: Platinum
  • Spawn Location: 12:00

VOD

Have the link to the VOD?

Description

Time

  • Played on: Oct. 7, 2021, 5:48 a.m.
  • Length: 6:11
Show
View Real Time Build Order
Export as new Build Order

Player 2 Zerg 

Build Orders: 1 Base Baneling Bust, Pool Only 

Get SALT Encoding   

  6  0:00  Drone  
  13  0:13  Overlord  
  13  0:18  Drone  
  14  0:31  Drone  
  14  0:34  Drone  
  16  0:44  Spawning Pool  
  16  0:46  Drone  
  16  0:50  Drone  
  16  0:52  Extractor  
  16  0:56  Drone  
  17  1:06  Overlord  
  17  1:31  Zergling x2  
  17  1:32  Queen  
  20  1:36  Zergling x2  
  20  1:39  Roach Warren, Drone  
  21  1:44  Extractor  
  20  1:50  Drone  
  21  1:57  Baneling Nest  
  21  2:00  Drone  
  21  2:11  Drone  
  22  2:21  Zergling x2  
  23  2:32  Zergling x2  
  24  2:38  Overlord  
  24  2:39  Zergling x2  
  25  2:44  Zergling x2  
  25  2:49  Zergling x2  
  27  2:54  Baneling x3  
  27  2:55  Zergling x2  
  28  3:05  Zergling x2  
  28  3:10  Zergling x2  
  30  3:15  Zergling x2  
  30  3:18  Overlord  
  31  3:21  Baneling, Zergling x2  
  31  3:26  Baneling x2  
  32  3:28  Zergling x2  
  33  3:34  Evolution Chamber  
  33  3:38  Drone  
  33  3:43  Drone  
  33  3:45  Drone  
  35  3:49  Drone  
  35  3:54  Drone  
  37  4:01  Drone  
  37  4:11  Zergling x2  
  37  4:15  Drone  
  39  4:47  Zergling x2  
  39  4:52  Baneling  
  30  4:57  Zergling x2  
  28  5:02  Zergling x2  
  30  5:07  Zergling x2  
  30  5:12  Zergling x2  
  30  5:14  Queen  
  30  5:17  Zergling x2  
  29  5:22  Zergling x2  
  29  5:28  Zergling x2, Drone  
  24  5:33  Zergling x2  
  16  5:38  Drone  
  11  5:55  Spawning Pool  
Show
View Real Time Build Order
Export as new Build Order

oVer Terran - Winner!

Build Orders: Liberator Opening 

Get SALT Encoding   

  6  0:01  SCV  
  13  0:13  SCV  
  14  0:19  Supply Depot  
  14  0:25  SCV  
  15  0:29  Refinery  
  15  0:40  SCV  
  16  0:46  Barracks  
  16  0:52  SCV  
  17  0:59  Refinery  
  17  1:04  SCV  
  18  1:17  SCV  
  19  1:29  SCV  
  20  1:33  Reaper  
  20  1:36  Supply Depot  
  21  1:41  Orbital Command  
  21  1:53  Factory  
  21  2:05  Barracks Reactor  
  21  2:08  Supply Depot  
  21  2:09  SCV  
  22  2:21  SCV  
  23  2:34  SCV  
  23  2:36  Factory Tech Lab  
  24  2:40  Starport  
  24  2:41  Marine x2  
  26  2:51  SCV  
  26  2:55  Siege Tank  
  30  2:59  Marine x2  
  30  3:01  Supply Depot  
  32  3:16  SCV  
  33  3:25  Liberator  
  33  3:26  Liberator  
  39  3:31  SCV  
  39  3:33  Marine  
  41  3:46  Supply Depot  
  41  3:47  Stimpack  
  41  3:59  Marine  
  42  4:10  Viking  
  42  4:15  Command Center  
  44  4:18  Viking  
  44  4:22  SCV  
  47  4:33  Marine  
  47  4:34  Supply Depot  
  48  4:38  Barracks  
  43  5:00  Marine  
  43  5:02  Viking  
  43  5:03  Viking  
  47  5:30  Marine  
  47  5:33  Barracks Reactor  
  47  5:34  Orbital Command  
  49  5:35  SCV  
  49  5:39  Supply Depot  
  49  5:42  Supply Depot  
  53  6:02  Supply Depot  
Tags
 
Add a new tag
Caveats
  • Supply blocks, unpowered buildings, or Contaminate may cause inaccurate times.
  • Supply counts are checked every 10 seconds.